 Dungeon Crawl Stone Soup version 0.26.1-11-gd32895ea62 (webtiles) character file.

Game seed: 18061579735872644742

6 Almogavar the Skirmisher (level 1, -2/23 HPs)
             Began as a Gnoll Wanderer on Apr 18, 2021.
             Slain by a gnoll
             ... wielding a +2 whip of electrocution
              (12 damage)
             ... on level 1 of the Dungeon.
             The game lasted 00:00:38 (269 turns).

Almogavar the Skirmisher (Gnoll Wanderer)            Turns: 269, Time: 00:00:39

Health: -2/23      AC:  2    Str: 15    XL:     1   Next: 90%
Magic:  6/6        EV: 13    Int: 12    God:
Gold:   0          SH:  0    Dex: 15    Spells: 9/9 levels left

rFire    . . .     SeeInvis .   a - +0 quarterstaff
rCold    . . .     Faith    .   (shield currently unavailable)
rNeg     . . .     Spirit   .   d - +0 robe
rPois    .         Reflect  .   (no helmet)
rElec    .         Harm     .   (no cloak)
rCorr    .         Rampage  .   (no gloves)
Will     .....                  (no boots)
Stlth    +.........             (no amulet)
HPRegen  0.07/turn              (no ring)
MPRegen  0.10/turn              (no ring)

@: no status effects
A: distributed training, fangs 1, strong nose
a: no special abilities


You were on level 1 of the Dungeon.
You visited 1 branch of the dungeon, and saw 1 of its levels.

Inventory:

Hand Weapons
 a - a +0 quarterstaff (weapon)
Armour
 d - a +0 robe (worn)
Scrolls
 b - a scroll of remove curse {unknown}
 f - a scroll of teleportation {unknown}
Potions
 c - a potion of lignification
 e - a potion of curing {unknown}


   Skills:
 + Level 6.4 Fighting
 + Level 0.2 Short Blades
 + Level 0.2 Long Blades
 + Level 0.2 Axes
 + Level 0.2 Maces & Flails
 + Level 0.2 Polearms
 + Level 2.4 Staves
 + Level 0.2 Slings
 + Level 0.2 Bows
 + Level 0.2 Crossbows
 + Level 0.2 Throwing
 + Level 0.2 Armour
 + Level 2.4 Dodging
 + Level 0.2 Stealth
 + Level 4.4 Shields
 + Level 0.2 Unarmed Combat
 + Level 4.9 Spellcasting
 + Level 0.1 Conjurations
 + Level 0.1 Hexes
 + Level 0.1 Summonings
 + Level 0.1 Necromancy
 + Level 2.0 Translocations
 + Level 0.1 Transmutations
 + Level 0.1 Fire Magic
 + Level 0.1 Ice Magic
 + Level 0.1 Air Magic
 + Level 0.1 Earth Magic
 + Level 0.1 Poison Magic
 + Level 0.3 Invocations
 + Level 0.2 Evocations


You had 9 spell levels left.
You didn't know any spells.
Your spell library contained the following spells:

 Spells                   Type           Power        Failure   Level
 Blink                    Tloc           N/A          14%         2
 Gell's Gravitas          Tloc           3%           26%         3
 Lesser Beckoning         Tloc           3%           26%         3
 Teleport Other           Tloc           7%           26%         3
 Passage of Golubria      Tloc           N/A          65%         4


Dungeon Overview and Level Annotations

Branches:
Dungeon (1/15)

Altars:


Innate Abilities, Weirdness & Mutations

Your experience applies equally to all skills.
You have very sharp teeth.
Your uncanny sense of smell can sniff out nearby items.


Message History

There is a large open door here.
There is a large open door here.
You open the door.
There is an open door here.
You open the door.
A gnoll comes into view.
It is wielding a +2 whip of electrocution.
The gnoll shouts!
Found a cyan potion.
There is an open door here.
The gnoll barely misses you.
You closely miss the gnoll.
The gnoll hits you with a +2 whip of electrocution.
You are electrocuted!
You are too injured to fight recklessly!
You are too injured to fight recklessly!
You are too injured to fight recklessly!
There is an open door here.
The gnoll hits you but does no damage.
You are electrocuted!
Ouch! That really hurt!
You die...

###### #....#
######....# ######
#...##....#
##....####...##†...#
+.....g@.'...''....+
#.!...####...##....#
#.....# #...##....#
#.....# #...##....#
#.....# ######....#
#.....# #....#
#+#####
#####....####
#...........#.
#.............


You could see a gnoll.

Vanquished Creatures
  A bat (D:1)
  A goblin (D:1)
  A kobold (D:1)
  A frilled lizard (D:1)
  2 rats (D:1)
6 creatures vanquished.

Notes
Turn   | Place    | Note
-------+----------+-------------------------------------------
     0 | D:1      | Almogavar the Gnoll Wanderer began the quest for the Orb.
     0 | D:1      | Almogavar set off with the following items: a +0
                  | quarterstaff, a potion of lignification, a +0 robe; and the
                  | following spells available to memorise: Blink, Gell's
                  | Gravitas, Lesser Beckoning, Teleport Other, Passage of
                  | Golubria
     0 | D:1      | Reached XP level 1. HP: 23/23 MP: 6/6
   269 | D:1      | Slain by a gnoll

Illustrated notes

Levels and vault maps discovered:
D:1:      lemuel_arrival_muddy, layout_basic

Skill      XL: |  1 |
---------------+----+-----
Translocations | 2 |  2.0
Fighting       | |  6.4
Short Blades   | |  0.2
Long Blades    | |  0.2
Axes           | |  0.2
Maces & Flails | |  0.2
Polearms       | |  0.2
Staves         | |  2.4
Slings         | |  0.2
Bows           | |  0.2
Crossbows      | |  0.2
Throwing       | |  0.2
Armour         | |  0.2
Dodging        | |  2.4
Stealth        | |  0.2
Shields        | |  4.4
Unarmed Combat | |  0.2
Spellcasting   | |  4.9
Conjurations   | |  0.1
Hexes          | |  0.1
Summonings     | |  0.1
Necromancy     | |  0.1
Transmutations | |  0.1
Fire Magic     | |  0.1
Ice Magic      | |  0.1
Air Magic      | |  0.1
Earth Magic    | |  0.1
Poison Magic   | |  0.1
Invocations    | |  0.3
Evocations     | |  0.2

Action                   || total
-------------------------++-------
Melee: Quarterstaff      ||    21
       Bite              ||     1
Armor: Robe              ||     5
Dodge: Dodged            ||    15
